Map: [ESL] Alcyone

Players

Classic

  • Race: Protoss Protoss
  • Spawn Location: 1:00

Dark - Winner!

  • Race: Zerg Zerg
  • Spawn Location: 7:00

Event: ESL SC2 Masters 2023 Winter (Finals)

VOD

Have the link to the VOD?

Description

Time

  • Played on: Dec. 16, 2023, 2:17 p.m.
  • Length: 16:38

All games in this series

Show
View Real Time Build Order
Export as new Build Order

Classic Protoss 

Build Orders: 1 Gate Expand, Oracle Opening, Phoenix Opening 

Get SALT Encoding   

  12  0:00  Probe  
  13  0:12  Probe  
  14  0:19  Pylon  
  14  0:24  Probe  
  15  0:37  Probe (Chrono Boost)  
  15  0:38  Gateway  
  16  0:47  Assimilator, Probe (Chrono Boost)  
  17  0:52  Probe (Chrono Boost)  
  18  1:03  Probe  
  19  1:15  Probe  
  20  1:23  Nexus  
  20  1:27  Probe  
  21  1:38  Cybernetics Core  
  21  1:40  Probe  
  21  1:45  Assimilator  
  22  1:52  Pylon  
  22  1:55  Probe  
  23  2:10  Probe  
  23  2:12  Adept (Chrono Boost)  
  26  2:18  Stargate  
  26  2:22  Probe  
  27  2:25  Warp Gate  
  27  2:34  Probe (Chrono Boost)  
  27  2:35  Probe (Chrono Boost), Adept  
  33  2:44  Probe x2 (Chrono Boost)  
  33  2:49  Probe x2 (Chrono Boost)  
  35  3:00  Probe  
  35  3:02  Phoenix (Chrono Boost), Probe  
  35  3:05  Adept  
  41  3:09  Pylon  
  41  3:12  Probe  
  41  3:14  Probe  
  43  3:22  Oracle (Chrono Boost)  
  43  3:27  Gateway, Probe  
  46  3:28  Probe  
  48  3:40  Probe x2  
  50  3:43  Pylon  
  50  3:52  Oracle (Chrono Boost)  
  53  4:00  Probe x2  
  53  4:02  Nexus  
  53  4:07  Assimilator  
  53  4:09  Assimilator  
  51  4:12  Probe x2  
  51  4:13  Adept  
  55  4:20  Pylon  
  55  4:21  Adept  
  57  4:25  Probe x2  
  57  4:28  Twilight Council  
  59  4:31  Forge  
  59  4:39  Gateway  
  59  4:40  Gateway  
  59  4:42  Probe  
  60  4:49  Sentry  
  60  4:50  Sentry  
  64  4:53  Gateway  
  62  5:01  Probe x2  
  62  5:03  Gateway  
  62  5:05  Pylon  
  64  5:11  Protoss Ground Weapons Level 1  
  64  5:12  Blink (Chrono Boost)  
  64  5:13  Probe x2 (Chrono Boost)  
  66  5:19  Probe (Chrono Boost)  
  67  5:25  Probe x2 (Chrono Boost)  
  69  5:30  Shield Battery, Probe (Chrono Boost)  
  69  5:33  Probe x2 (Chrono Boost)  
  69  5:35  Robotics Facility, Probe (Chrono Boost)  
  72  5:39  Probe x2  
  75  5:45  Probe  
  75  5:47  Stalker x2  
  80  5:50  Pylon  
  80  5:51  Probe x2  
  80  5:54  Stalker x2  
  86  5:57  Pylon  
  86  6:03  Assimilator, Probe x3  
  89  6:04  Assimilator  
  89  6:08  Pylon  
  89  6:18  Stalker x4  
  97  6:20  Pylon  
  97  6:24  Warp Prism (Chrono Boost)  
  99  6:36  Probe x3  
  102  6:40  Sentry x2  
  102  6:42  Stalker x3, Pylon  
  102  6:43  Stalker  
  113  6:57  Pylon  
  113  7:00  Pylon  
  113  7:04  Protoss Ground Weapons Level 2  
  113  7:06  Pylon  
  113  7:07  Stalker x6  
  125  7:23  Photon Cannon  
  125  7:30  Stalker x3  
  125  7:31  Stalker x3  
  119  7:50  Robotics Bay  
  119  7:51  Robotics Facility  
  119  7:52  Photon Cannon, Probe x3  
  119  7:53  Nexus  
  119  7:56  Photon Cannon  
  122  8:02  Observer  
  122  8:04  Probe x2  
  122  8:05  Shield Battery, Probe  
  126  8:07  Pylon  
  126  8:20  Stalker x6  
  136  8:30  Probe x2  
  136  8:31  Probe  
  137  8:34  Forge  
  137  8:39  Colossus x2 (Chrono Boost)  
  137  8:43  Extended Thermal Lance  
  137  8:45  Probe x2  
  137  8:47  Probe  
  152  8:49  Assimilator  
  152  8:55  Assimilator  
  152  8:56  Pylon  
  152  8:58  Templar Archives  
  152  8:59  Probe x2  
  154  9:13  Probe x4  
  158  9:17  Photon Cannon  
  158  9:20  Colossus x2 (Chrono Boost)  
  170  9:35  Zealot  
  170  9:36  Zealot x2  
  176  9:41  Gateway  
  176  9:42  High Templar x2, Gateway  
  180  9:45  Pylon  
  180  9:47  Pylon  
  180  9:50  Archon  
  178  9:54  Stargate  
  178  9:57  Stalker x3  
  182  10:04  Cybernetics Core  
  182  10:11  Pylon  
  182  10:12  Protoss Ground Weapons Level 3  
  177  10:30  Immortal x2  
  177  10:34  Phoenix (Chrono Boost)  
  184  10:42  Stalker x6  
  193  10:44  Phoenix (Chrono Boost)  
  193  10:45  Photon Cannon  
  193  10:48  Fleet Beacon  
  195  10:54  Phoenix (Chrono Boost)  
  195  10:56  Gateway  
  197  11:01  Protoss Air Weapons Level 1  
  197  11:02  Phoenix (Chrono Boost)  
  193  11:11  Phoenix (Chrono Boost)  
  195  11:20  Phoenix (Chrono Boost)  
  197  11:28  Phoenix (Chrono Boost)  
  186  11:35  Stalker x2  
  186  11:36  Stalker x4  
  186  11:39  Anion Pulse-Crystals  
  195  11:40  Phoenix (Chrono Boost)  
  197  11:48  Warp Prism, Phoenix (Chrono Boost)  
  197  11:54  Assimilator  
  199  11:55  Assimilator  
  199  11:56  Photon Cannon  
  197  12:02  Photon Cannon  
  197  12:04  Photon Cannon  
  197  12:07  Zealot  
  197  12:08  Zealot x4  
  199  12:09  Shield Battery  
  199  12:12  Stalker  
  199  12:13  Phoenix x2 (Chrono Boost)  
  191  12:25  Photon Cannon  
  191  12:27  Assimilator, Photon Cannon  
  191  12:29  Assimilator  
  191  12:30  Phoenix x2 (Chrono Boost)  
  190  12:47  Stalker x5  
  190  12:52  Phoenix  
  190  12:53  Phoenix  
  194  13:00  Stalker  
  194  13:02  Protoss Ground Armor Level 1  
  196  13:12  Stalker x4  
  195  13:17  Zealot  
  194  13:24  Phoenix x2 (Chrono Boost)  
  194  13:29  Stalker  
  184  13:41  Stalker x3  
  176  13:52  Stalker  
  180  14:12  Stalker x3  
  180  14:13  Probe x2  
  180  14:15  Probe  
  188  14:17  Pylon  
  188  14:18  Phoenix x2 (Chrono Boost)  
  180  14:27  Stalker  
  143  14:38  Phoenix (Chrono Boost)  
  143  14:39  Phoenix (Chrono Boost)  
  146  14:49  Stalker x5  
  156  14:55  Phoenix (Chrono Boost)  
  156  14:56  Phoenix (Chrono Boost)  
  101  15:15  Stalker  
  101  15:18  Phoenix (Chrono Boost)  
  101  15:21  Phoenix (Chrono Boost)  
  91  15:41  Phoenix (Chrono Boost)  
  91  15:42  Phoenix (Chrono Boost)  
  63  16:12  High Templar  
  63  16:13  High Templar  
  63  16:17  Archon  
Show
View Real Time Build Order
Export as new Build Order

Dark Zerg - Winner!

Build Orders: Hatch First 

Get SALT Encoding   

  12  0:00  Drone  
  13  0:12  Overlord  
  13  0:17  Drone  
  14  0:30  Drone x2  
  16  0:48  Hatchery  
  15  0:52  Drone  
  15  0:55  Drone  
  17  0:58  Drone  
  18  1:10  Extractor  
  17  1:15  Spawning Pool  
  17  1:17  Drone  
  17  1:19  Drone  
  18  1:28  Drone  
  19  1:39  Drone  
  20  1:55  Overlord  
  20  2:02  Queen x2  
  20  2:03  Zergling x4  
  26  2:12  Metabolic Boost  
  26  2:14  Drone x2  
  28  2:22  Drone  
  29  2:24  Drone  
  30  2:35  Drone x2  
  32  2:44  Hatchery  
  32  2:47  Queen  
  33  2:52  Overlord  
  33  2:54  Drone  
  33  2:57  Drone  
  33  2:58  Drone  
  36  3:09  Queen  
  36  3:12  Drone x2  
  40  3:15  Overlord  
  40  3:16  Drone  
  41  3:20  Drone x2  
  41  3:23  Zergling x2  
  44  3:30  Overlord  
  44  3:32  Overlord  
  44  3:34  Zergling x4  
  44  3:39  Queen  
  48  3:44  Overlord  
  47  3:51  Zergling x4  
  47  3:52  Drone x4  
  52  3:58  Drone  
  52  4:00  Queen  
  52  4:01  Drone  
  52  4:02  Drone  
  56  4:05  Spore Crawler  
  56  4:09  Drone  
  56  4:12  Drone  
  57  4:18  Drone x4  
  57  4:22  Drone x4  
  65  4:25  Drone  
  65  4:29  Roach Warren  
  65  4:32  Drone  
  65  4:34  Overlord  
  65  4:38  Lair  
  66  4:39  Extractor  
  66  4:40  Zergling x2  
  66  4:41  Extractor  
  66  4:43  Zergling x2  
  66  4:49  Overlord  
  66  4:51  Spore Crawler  
  66  4:52  Drone  
  66  4:54  Drone x2  
  63  5:00  Drone x7  
  63  5:03  Drone  
  63  5:04  Drone  
  70  5:11  Drone  
  68  5:15  Drone  
  68  5:16  Drone  
  68  5:19  Drone x3  
  73  5:24  Drone x2  
  73  5:25  Drone  
  76  5:32  Evolution Chamber  
  75  5:36  Drone x3  
  75  5:38  Extractor  
  75  5:40  Extractor  
  76  5:44  Spire  
  76  5:47  Drone x2  
  76  5:49  Drone  
  78  5:53  Extractor  
  78  5:54  Drone  
  78  5:55  Drone x3  
  78  5:56  Hatchery  
  80  5:58  Roach, Overlord x2  
  80  6:01  Overlord  
  81  6:06  Overlord  
  81  6:07  Zerg Melee Weapons Level 1  
  81  6:09  Overlord  
  81  6:12  Overlord  
  81  6:18  Roach x4  
  89  6:22  Zergling x4  
  91  6:27  Drone x2  
  91  6:28  Drone x2  
  91  6:30  Zergling x2  
  96  6:36  Zergling x4  
  97  6:56  Mutalisk x8  
  97  6:58  Drone x3  
  97  6:59  Drone  
  117  7:01  Ravager  
  117  7:03  Zergling x6  
  121  7:10  Zergling x10  
  121  7:13  Ravager x2  
  121  7:14  Zergling x4  
  130  7:15  Ravager  
  130  7:16  Zergling x2  
  130  7:18  Extractor  
  130  7:19  Ravager, Hatchery  
  130  7:21  Zergling x6  
  130  7:22  Zergling x2  
  135  7:23  Extractor  
  135  7:29  Zergling x2  
  135  7:30  Overlord x2  
  127  7:40  Mutalisk x3, Zergling x2  
  127  7:41  Zergling x12  
  134  7:49  Zerg Flyer Weapons Level 1  
  131  7:52  Zergling x2  
  131  7:53  Zergling x10  
  137  7:58  Zergling x2  
  137  8:01  Drone  
  137  8:02  Drone x2  
  137  8:04  Drone x2  
  143  8:08  Zerg Melee Weapons Level 2  
  143  8:11  Zergling x6  
  146  8:13  Drone x3  
  146  8:19  Drone x3  
  151  8:26  Unknown  
  150  8:33  Mutalisk x5  
  157  8:34  Overlord x2  
  157  8:35  Mutalisk  
  157  8:39  Overlord  
  157  8:41  Overlord  
  157  8:43  Overlord  
  157  8:45  Overlord  
  157  8:53  Mutalisk x5, Overlord  
  157  8:54  Mutalisk  
  169  8:56  Zergling x2  
  169  8:58  Mutalisk  
  169  9:02  Mutalisk  
  172  9:06  Zergling x12  
  180  9:11  Mutalisk x2  
  180  9:12  Zergling x4  
  180  9:16  Mutalisk x2  
  190  9:21  Zergling x8  
  194  9:30  Mutalisk x2  
  198  9:44  Zerg Flyer Weapons Level 2  
  198  9:48  Hatchery  
  197  9:59  Mutalisk x5  
  192  10:00  Mutalisk  
  192  10:02  Zergling x4  
  197  10:11  Mutalisk  
  199  10:20  Mutalisk x2  
  198  10:25  Mutalisk, Zerg Ground Armor Level 1  
  198  10:35  Mutalisk x2  
  197  10:41  Mutalisk  
  198  11:03  Mutalisk x2  
  192  11:04  Mutalisk x2  
  192  11:05  Unknown  
  192  11:07  Mutalisk  
  199  11:12  Mutalisk  
  197  11:23  Mutalisk x3  
  197  11:24  Mutalisk  
  197  11:33  Mutalisk  
  199  12:00  Zerg Flyer Armor Level 1  
  199  12:03  Hatchery  
  191  12:12  Corruptor  
  191  12:13  Corruptor x6  
  189  12:18  Mutalisk x10  
  198  12:33  Hatchery  
  191  12:39  Hatchery  
  182  12:45  Mutalisk x2  
  182  12:46  Mutalisk x10  
  182  12:48  Mutalisk  
  186  13:17  Mutalisk x10  
  198  13:23  Mutalisk x2  
  189  13:31  Mutalisk  
  189  13:32  Mutalisk  
  189  13:33  Mutalisk  
  184  13:36  Zergling x36  
  196  13:46  Mutalisk x4  
  186  13:52  Mutalisk  
  186  13:53  Mutalisk  
  184  13:57  Mutalisk x2  
  184  13:59  Zergling x28  
  184  14:02  Corruptor  
  200  14:06  Corruptor  
  189  14:35  Mutalisk x8  
  189  14:36  Zergling x4  
  199  14:41  Corruptor  
  198  14:49  Drone x2  
  191  15:02  Mutalisk x5  
  191  15:03  Mutalisk  
  181  15:09  Zergling x14  
  166  15:22  Corruptor x3  
  166  15:23  Corruptor  
  166  15:24  Mutalisk x3  
  166  15:26  Mutalisk  
  166  15:28  Zergling x8  
  176  15:45  Corruptor x4  
  172  15:50  Corruptor  
  172  15:55  Drone x2  
  172  15:56  Drone x5  
  163  15:57  Drone x3  
  163  15:58  Drone  
  163  16:00  Drone  
  162  16:06  Corruptor  
  162  16:07  Corruptor  
  166  16:14  Mutalisk  
  168  16:24  Drone  
Tags
 
Add a new tag
Caveats
  • Supply blocks, unpowered buildings, or Contaminate may cause inaccurate times.
  • Supply counts are checked every 10 seconds.